 Dungeon Crawl Stone Soup version 0.28.0-49-g6dfe1f597d (webtiles) character file.

Game seed: 17969748805019244218

209 Zeld the Digger (level 5, -2/31 HPs)
             Began as a Gargoyle Earth Elementalist on May 15, 2022.
             Slain by a black bear (8 damage)
             ... on level 3 of the Dungeon.
             The game lasted 00:06:22 (4193 turns).

Zeld the Digger (Gargoyle Earth Elementalist)       Turns: 4193, Time: 00:06:23

Health: -2/31      AC:  8    Str: 11    XL:     5   Next: 87%
Magic:  0/9        EV: 12    Int: 18    God:
Gold:   59         SH:  0    Dex: 10    Spells: 3/9 levels left

rFire   . . .      SeeInvis .   a - +0 mace
rCold   . . .      Faith    .   (no shield)
rNeg    + . .      Spirit   .   b - +0 robe
rPois   ∞          Reflect  .   (no helmet)
rElec   +          Harm     .   q - +0 cloak
rCorr   .          Rampage  .   h - +0 pair of gloves
Will    .....                   (no boots)
Stlth   ++........              (no amulet)
HPRegen 0.10/turn               (no ring)
MPRegen 0.11/turn               (no ring)

@: very slightly contaminated
A: sickness immunity, AC +4, negative energy resistance 1, electricity
resistance, torment resistance 1, petrification resistance
a: no special abilities


You were on level 3 of the Dungeon.
You visited 1 branch of the dungeon, and saw 4 of its levels.

You collected 98 gold pieces.
You spent 39 gold pieces at shops.

Inventory:

Hand Weapons
 a - a +0 mace (weapon)
Missiles
 c - 12 stones
Armour
 b - a +0 robe (worn)
 h - a +0 pair of gloves (worn)
 q - a +0 cloak (worn)
Scrolls
 e - 3 scrolls of identify {unknown}
 f - a scroll of enchant armour {unknown}
 i - a scroll of teleportation {unknown}
 j - a scroll of noise {unknown}
Potions
 d - a potion of cancellation {unknown}
 g - a potion of degeneration {unknown}
 k - a potion of curing
 l - a potion of flight {unknown}


   Skills:
 * Level 2.6 Fighting
 * Level 2.2 Armour
 + Level 2.1 Dodging
 + Level 3.2 Stealth
 * Level 2.9 Spellcasting
 - Level 1.0 Transmutations
 * Level 4.4 Earth Magic


You had 3 spell levels left.
You knew the following spells:

 Your Spells              Type           Power      Damage    Failure   Level
a - Sandblast             Erth           36%        2d10      2%          1
b - Passwall              Tmut/Erth      10%        N/A       9%          2
c - Stone Arrow           Conj/Erth      20%        3d8       21%         3

Your spell library contained the following spells:

 Spells                   Type           Power      Damage    Failure   Level
 Petrify                  Tmut/Erth      12%        N/A       47%         4


Dungeon Overview and Level Annotations

Branches:
Dungeon (4/15)
 Temple: D:4-7

Altars:
Fedhas

Shops:
D:3 *!!


Innate Abilities, Weirdness & Mutations

You are immune to sickness and miasma.
Your stone body is resilient. (AC +4)
You are immune to poison.
You resist negative energy. (rN+)
You are resistant to electric shocks. (rElec)
You are resistant to unholy torment.
You are immune to petrification.


Message History

The black bear goes berserk!
Unknown command.
Casting: Stone Arrow (quite dangerous; 21% risk of failure)
Confirm with . or Enter, or press ? or * to list all spells.
The spell is quite dangerous to miscast (21% risk of failure)!
Continue anyway?
Aiming: Stone Arrow (quite dangerous; 21% risk of failure)
Press: ? - help, Shift-Dir - straight line, f/p - black bear
Aim: a black bear (almost dead, berserk, 77% to hit)
You miscast Stone Arrow.
You are very lightly contaminated with residual magic.
Nothing appears to happen.
The black bear bites you.
The black bear claws you but does no damage.
The black bear barely misses you.
Unknown command.
You completely miss the black bear.
The black bear is almost dead.
The black bear bites you.
The black bear claws you but does no damage.
The black bear barely misses you. The black bear closely misses you.
The black bear barely misses you. The black bear claws you.
The black bear bites you! The black bear barely misses you.
The black bear claws you but does no damage.
The black bear misses you.
The black bear claws you but does no damage.
The black bear barely misses you. The black bear barely misses you.
The black bear claws you. x2
* * * LOW HITPOINT WARNING * * *
Casting: Stone Arrow (quite dangerous; 21% risk of failure)
Confirm with . or Enter, or press ? or * to list all spells.
You don't have enough magic to cast this spell.
Casting: Stone Arrow (quite dangerous; 21% risk of failure)
Confirm with . or Enter, or press ? or * to list all spells.
Aiming: Sandblast (safe; 2% risk of failure)
Press: ? - help, Shift-Dir - straight line, f/p - black bear
Aim: a black bear (almost dead, berserk, 85% to hit)
The blast of sand hits the black bear.
The black bear is almost dead.
c - 12 stones The black bear bites you!
You die...

#####.##.##.# #.....##.##.#
******#######.###.##.##.#
,,,,,,(.....#.# #.##.##.#
********###...###.##.##.# **
#...<.....##.##.#
,*******#.##..#.........#######
,,,,,,,......>..####.#####....#
,*****##*,#.#÷..@..#.# #.##.#
** *,#.#....h...# #.##.#
#h#.#......#######.##.#
#.#......#.........##.#
*****#........#.##########.#
*,,,,,.#[....##.# #.#
*,****,#.##.....# #.# *,*
*,#..<..#### #.# *o* *,####...#
#[#


You could see a black bear (berserk).

Vanquished Creatures
  A bullfrog (D:3)
  An iguana (D:3)
  An orc wizard (D:2)
  An adder (D:2)
  4 orcs
  8 bats
  7 endoplasms
  3 giant cockroaches
  8 goblins
  9 hobgoblins
  4 jackals (D:3)
  7 kobolds
  2 quokkas
  4 ball pythons
  6 frilled lizards
  9 rats
75 creatures vanquished.

Notes
Turn   | Place    | Note
-------+----------+-------------------------------------------
     0 | D:1      | Zeld the Gargoyle Earth Elementalist began the quest for
                  | the Orb.
     0 | D:1      | Reached XP level 1. HP: 10/10 MP: 3/3
   245 | D:1      | Reached XP level 2. HP: 16/16 MP: 0/5
   314 | D:1      | Learned a level 2 spell: Passwall
   427 | D:1      | Reached skill level 1 in Armour
   631 | D:1      | Reached skill level 1 in Fighting
   631 | D:1      | Reached XP level 3. HP: 20/20 MP: 6/6
   642 | D:1      | Learned a level 3 spell: Stone Arrow
   854 | D:1      | Reached skill level 1 in Transmutations
  1638 | D:2      | Reached XP level 4. HP: 21/25 MP: 5/7
  2384 | D:3      | Found Beokh's Distillery.
  2392 | D:3      | Bought a potion of curing for 39 gold pieces
  2462 | D:2      | Reached skill level 4 in Earth Magic
  3008 | D:3      | Found Dimu's Distillery.
  3148 | D:3      | Found Kitzevvi's Assorted Antiques.
  3290 | D:3      | Found a blossoming altar of Fedhas.
  3612 | D:4      | Noticed a black bear
  3612 | D:4      | Noticed a bullfrog
  3638 | D:3      | Reached XP level 5. HP: 29/30 MP: 6/8
  4050 | D:3      | Found Beokh's Distillery.
  4193 | D:3      | Slain by a black bear

Illustrated notes

Levels and vault maps discovered:
D:1:      tarquinn_simple_flora_water_f, layout_basic,
          chequers_serial_rivers_small_a, interstate_on_off
D:2:      layout_rooms, grunt_ministairs_6
D:3:      layout_basic, fedhas_altar_4, serial_shops, nicolae_shop_statue_plus,
          shop, nicolae_shop_crystal
D:4:      kennysheep_spiral_hall, layout_basic, tgw_xom,
          biasface_ghost_orc_armoury, kennysheep_generic_room_2

Skill      XL: |  1  2  3  4  5 |
---------------+----------------+-----
Armour         | 1 2 |  2.2
Fighting       | 1 2 |  2.6
Transmutations | 1 |  1.0
Dodging        | 2 |  2.1
Earth Magic    | 4 |  4.4
Stealth        | 3 |  3.2
Spellcasting   | |  2.9

Action                   |  1- 3 |  4- 6 || total
-------------------------+-------+-------++-------
Melee: Unarmed           |    42 |       ||    42
       Mace              |    47 |    81 ||   128
       Punch             |     1 |       ||     1
 Cast: Sandblast         |    38 |    30 ||    68
       Stone Arrow       |       |     8 ||     8
 Stab: Sleeping          |     2 |     2 ||     4
Armor: Robe              |    51 |    63 ||   114
Dodge: Dodged            |    93 |   123 ||   216
